 Dungeon Crawl Stone Soup version 0.30.1 (webtiles) character file.

Game seed: 16522186955873582226

125 hawla the Firebug (level 5, -12/38 HPs)
             Began as a Meteoran Fire Elementalist on July 10, 2023.
             Mangled by an ogre
             ... wielding a +0 giant club
              (23 damage)
             ... on level 4 of the Dungeon.
             The game lasted 00:05:06 (533 turns).

hawla the Firebug (Meteoran Fire Elementalist)       Turns: 533, Time: 00:05:08

Health: -12/38     AC:  2    Str:  9    XL:     5   Next: 57%
Magic:  6/11       EV: 12    Int: 19    God:
Gold:   34         SH:  0    Dex: 14    Spells: 3/10 levels left

rFire   . . .        e - +0 flail
rCold   . . .        (no shield)
rNeg    . . .        a - +0 robe
rPois   .            (no helmet)
rElec   .            (no cloak)
rCorr   .            (no gloves)
SInv    .            (no boots)
Will    .....        (no amulet)
Stlth   +            (no ring)
HPRegen 0.26/turn    (no ring)
MPRegen 0.12/turn

%: no passive effects
@: about to teleport, glowing
A: sense surroundings 1, otherworldly, glowing, explore regen
a: no special abilities


You were on level 4 of the Dungeon.
You visited 1 branch of the dungeon, and saw 4 of its levels.

You collected 34 gold pieces.

Inventory:

Hand Weapons
 e - a +0 flail (weapon)
Armour
 a - a +0 robe (worn)
Scrolls
 c - a scroll of butterflies
 d - 2 scrolls of teleportation
 f - a scroll of fog {unknown}


   Skills:
 + Level 0.1 Fighting
 + Level 2.6 Dodging
 - Level 1.4 Stealth
 + Level 3.4 Spellcasting
 + Level 4.4 Conjurations
 + Level 4.4 Fire Magic


You had 3 spell levels left.
You knew the following spells:

 Your Spells              Type           Power      Damage    Failure   Level
a - Foxfire               Conj/Fire      80%        2x1d8     2%          1
b - Scorch                Fire           40%        2d7       3%          2
c - Flame Wave            Conj/Fire      20%        2d7       24%         4

Your spell library contained the following spells:

 Spells                   Type           Power      Damage    Failure   Level
 Beastly Appendage        Tmut           6%         N/A       14%         1
 Inner Flame              Hex/Fire       11%        N/A       17%         3
 Volatile Blastmotes      Fire/Tloc      22%        2d11      17%         3
 Wereblood                Tmut           3%         N/A       22%         2
 Spider Form              Tmut/Pois      3%         N/A       41%         3


Dungeon Overview and Level Annotations

Branches:
Dungeon (4/15) Zot: 1865
 Temple: D:4-7

Altars:
Kikubaaqudgha

Shops:
D:3 =(

Annotations:
D:4 Grinder


Innate Abilities, Weirdness & Mutations

You passively map a small area around you.
You are easily found by Zot.
You glow in the dark.
You regain HP and MP as you explore.


Message History

You hear a bark!
You hear a shout!
An ogre comes into view. It is wielding a +0 giant club.
An orc comes into view. It is wielding a +0 hand axe.
Grinder gestures at you.
You suddenly lose the ability to move!
Grinder gestures at you.
You shrug off the repeated paralysis!
A hound comes into view.
Grinder says, "DUCK!"
Grinder hits you.
You writhe in agony.
The hound barks!
Grinder is no longer more vulnerable to fire.
Grinder hits you.
The hound pauses to sniff the ground.
The giant cockroach bites you but does no damage.
Grinder hits you!
You writhe in agony.
The giant cockroach bites you but does no damage.
You can move again.
Grinder blinks!
The giant cockroach bites you but does no damage.
A giant cockroach comes into view.
As you read the scroll labelled DOPTIM OLACRA, it crumbles to dust.
You feel strangely unstable.
It was a scroll of teleportation.
The giant cockroach barely misses you. The ogre barely misses you.
The orc hits you but does no damage.
A goblin comes into view. It is wielding a +0 dagger.
Grinder blinks!
You aren't carrying any potions.
Unknown command.
You aren't carrying any potions.
You aren't carrying any potions.
As you read the scroll labelled MOHOVATR HAMO, it crumbles to dust.
It is a scroll of identify.
c - a scroll of butterflies The giant cockroach misses you.
The orc hits you with a +0 hand axe.
* * * LOW HITPOINT WARNING * * *
The hound misses you.
The ogre hits you with a +0 giant club!!
Ouch! That really hurt!
You die...

* , ,, * , , , ,
, , * > ,, , ..,
, ,, ,, * ... *
,, * , * , #... *
, ..... #####.##.
, ,
.g....###........
,
......B@o.####.#.
, , ...#..Oh### *
, *, ,,#....., ,
#...... ,
##...... *
##..5B.. , , *
#....... , , ,
#........ * * **


You could see Grinder, an ogre, a hound, an orc, 2 giant cockroaches and a
goblin.

Vanquished Creatures
  An ogre (D:4)
  A gnoll (D:3)
  A worm (D:3)
  A dart slug (D:3)
  2 orcs (D:3)
  2 endoplasms (D:3)
  2 goblins
  2 hobgoblins
  3 jackals (D:3)
  2 quokkas
  4 ball pythons
  A frilled lizard (D:3)
  2 kobolds
  A rat (D:3)
25 creatures vanquished.

Vanquished Creatures (others)
  76 foxfires
76 creatures vanquished.

Grand Total: 101 creatures vanquished

Notes
Turn   | Place    | Note
-------+----------+-------------------------------------------
     0 | D:1      | hawla the Meteoran Fire Elementalist began the quest for
                  | the Orb.
     0 | D:1      | Reached XP level 1. HP: 14/14 MP: 5/5
    55 | D:3      | Found Caapn's Antique Weapon Shoppe.
    74 | D:3      | Reached XP level 2. HP: 13/20 MP: 2/6
    82 | D:3      | Learned a level 2 spell: Scorch
   222 | D:3      | Reached XP level 3. HP: 22/26 MP: 2/8
   233 | D:3      | Found an ancient bone altar of Kikubaaqudgha.
   250 | D:3      | Found Dudoh's Jewellery Emporium.
   303 | D:4      | Noticed an ogre
   488 | D:4      | Reached XP level 4. HP: 33/33 MP: 6/10
   493 | D:4      | Learned a level 4 spell: Flame Wave
   507 | D:4      | Killed an ogre
   508 | D:4      | Reached XP level 5. HP: 10/38 MP: 0/11
   521 | D:4      | Noticed Grinder
   526 | D:4      | Noticed an ogre
   526 | D:4      | Paralysed by Grinder for 5 turns
   533 | D:4      | Mangled by an ogre

Illustrated notes

Levels and vault maps discovered:
D:1:      dpeg_arrival_boxorama, layout_basic,
          shapermc_ecumenical_altar_flowoftime, serial_shops,
          nicolae_shop_hallway_stairs, shop, nicolae_shop_gaudy_bauble
D:2:      layout_basic, minivault_24
D:3:      layout_loops_ring, mainiacjoe_overflow_boulevard,
          dk_yredelemnul_ordeal, serial_co_window_serial, co_window_corner_a,
          co_window_paths_a, co_window_paths_a, co_window_paths_a,
          co_window_of_opportunity_a, co_window_paths_a, co_window_paths_a,
          co_window_paths_a, co_window_paths_a, co_window_of_opportunity_b,
          co_window_2corner, co_window_2corner, co_window_corner_b,
          serial_shops, nicolae_shop_rolled_up, nicolae_shop_gaudy_bauble,
          nicolae_shop_advertising_works [nicolae_subvault_shop_adworks]
D:4:      layout_cave_pools, trog_hazing_becter, nicolae_overflow_squiral,
          uniq_menkaure, uniq_crazy_yiuf_cottage, uniq_grinder

Skill      XL: |  1  2  3  4 |
---------------+-------------+-----
Fire Magic     | 4 |  4.4
Spellcasting   | 3 |  3.4
Conjurations   | 2 4 |  4.4
Fighting       | |  0.1
Dodging        | |  2.6
Stealth        | |  1.4

Action                     |  1- 3 |  4- 6 || total
---------------------------+-------+-------++-------
  Melee: Unarmed           |     8 |       ||     8
         Flail             |     4 |       ||     4
   Cast: Foxfire           |    39 |     6 ||    45
         Scorch            |     5 |     2 ||     7
         Flame Wave        |       |     1 ||     1
    Use: Potion            |     1 |       ||     1
         Scroll            |       |     2 ||     2
 Armour: Robe              |     3 |     4 ||     7
  Dodge: Dodged            |    14 |     4 ||    18
